 Dungeon Crawl Stone Soup version 0.22-a0-448-g1fb7470 (webtiles) character file.

2427 grizmgrazm2 the Cleaver (level 9, 0/75 HPs)
             Began as a Minotaur Gladiator on June 3, 2018.
             Was a Believer of Yredelemnul.
             Slain by a water moccasin (3 damage)
             ... on level 8 of the Dungeon on June 4, 2018.
             The game lasted 00:12:48 (5781 turns).

grizmgrazm2 the Cleaver (Minotaur Gladiator)        Turns: 5781, Time: 00:12:49

Health: 0/75       AC:  8    Str: 17    XL:     9   Next: 24%
Magic:  11/11      EV: 13    Int:  5    God:    Yredelemnul [**....]
Gold:   238        SH:  0    Dex: 12    Spells: 8/8 levels left

rFire    . . .     SeeInvis .   a - +0 war axe
rCold    . . .     Gourm    .   (no shield)
rNeg     . . .     Faith    .   e - +0 ring mail
rPois    .         Spirit   .   c - +0 hat
rElec    .         Reflect  .   o - scarf {repulsion}
rCorr    .         Harm     .   t - +1 pair of gloves
MR       .....                  (no boots)
Stlth    ..........             (no amulet)
HPRegen  0.22/turn              k - -2 ring of strength
MPRegen  0.12/turn              B - -3 ring of dexterity (curse)

@: confused, lethally poisoned (0 -> -44), flying, hasted, repel missiles, very
quick
A: retaliatory headbutt, horns 2
a: Animate Remains, Recall Undead Slaves, Injury Mirror, Renounce Religion


You were on level 8 of the Dungeon.
You worshipped Yredelemnul.
Yredelemnul was pleased with you.
You were not hungry.

You visited 1 branch of the dungeon, and saw 8 of its levels.
You also visited: Ossuary.

You collected 238 gold pieces.

Inventory:

Hand Weapons
 a - a +0 war axe (weapon)
 m - a +3 quarterstaff of chaos
 A - a +4 flail of venom
Missiles
 d - 6 throwing nets (quivered)
Armour
 c - a +0 hat (worn)
 e - a +0 ring mail (worn)
 n - a +0 cloak
 o - a scarf of repulsion (worn)
 t - a +1 pair of gloves (worn)
Jewellery
 k - a -2 ring of strength (left hand)
 B - a cursed -3 ring of dexterity (right hand)
Wands
 u - a wand of flame (37)
 y - a wand of polymorph (10)
 z - a wand of clouds (6)
Scrolls
 h - 5 scrolls of identify
 r - a scroll of magic mapping
Potions
 b - a potion of flight
 i - 2 potions of lignification {unknown}
 l - a potion of magic {unknown}
 q - 2 potions of degeneration {unknown}
 s - 3 potions of brilliance {unknown}
 v - a potion of might {unknown}
 w - 3 potions of mutation {unknown}
Comestibles
 f - 11 rations


   Skills:
 + Level 6.2 Fighting
 + Level 10.4 Axes
 - Level 2.0 Throwing
 + Level 5.6 Armour
 + Level 5.8 Dodging
 * Level 4.3 Invocations


You had 8 spell levels left.
You didn't know any spells.
Your spell library was empty.

Dungeon Overview and Level Annotations

Branches:
Dungeon (8/15)             Temple (0/1) D:5
   Lair: D:8-11

Altars:
Elyvilon
Ru
Xom
Yredelemnul
Zin


Innate Abilities, Weirdness & Mutations

You reflexively headbutt those who attack you in melee.
You have a pair of horns on your head.


Message History

B - a cursed -3 ring of dexterity (right hand)
* * * LOW HITPOINT WARNING * * *
You feel sick. The kobold barely misses you.
Evoke which item? (* to show all) (? for menu, Esc to quit)
You're too confused!
You bump into the rock wall.
* * * LOW HITPOINT WARNING * * *
You feel sick. The water moccasin bites you!
* * * LOW HITPOINT WARNING * * *
You are more poisoned.
The water moccasin poisons you!
You miss the water moccasin.
Your headbutt misses the water moccasin.
The water moccasin is moderately wounded.
You closely miss the kobold.
* * * LOW HITPOINT WARNING * * *
You feel very sick. The water moccasin bites you.
You die...
Your body rises from the dead as a mindless zombie.

###
..#
#.#
#.#
#o#
#K#
#@#
#S#
#Y#
#.#
#.#
#.#
#.#
#.#


You could see an orc warrior, a water moccasin, an ice beast and a kobold.

Vanquished Creatures
  Pikel (D:6)
  Sigmund (D:3)
  Edmund (D:6)
  A sky beast (D:6)
  An ice beast (D:6)
  A black bear (D:6)
  2 bullfrogs
  3 killer bees
  A water moccasin skeleton (D:7)
  6 crimson imps
  2 centaur zombies (Ossuary)
  2 jellies
  A hound (D:6)
  Crazy Yiuf (D:2)
  Jessica (D:2)
  2 iguanas
  5 orc wizards
  3 worker ants
  5 big kobold zombies (Ossuary)
  A hound zombie (D:6)
  6 mummies (Ossuary)
  Robin (D:3)
  8 adders
  A shadow imp (D:5)
  2 oozes (D:2)
  A worm zombie (D:7)
  2 worms (D:2)
  3 dart slugs
  A leopard gecko (D:2)
  10 orcs
  2 ball pythons (D:2)
  10 bats
  8 giant cockroaches
  17 goblins
  12 hobgoblins
  7 jackals
  6 kobolds
  A quokka (D:3)
  6 frilled lizards
  2 hobgoblin zombies (Ossuary)
  A leopard gecko skeleton (D:5)
  2 quokka skeletons (D:5)
  10 rats
160 creatures vanquished.

Vanquished Creatures (others)
  A black bear (D:7)
  An ice beast (D:6)
  An orc wizard (D:6)
  2 orcs (D:6)
5 creatures vanquished.

Grand Total: 165 creatures vanquished

Notes
Turn   | Place    | Note
-------+----------+-------------------------------------------
     0 | D:1      | grizmgrazm2 the Minotaur Gladiator began the quest for the Orb.
     0 | D:1      | Reached XP level 1. HP: 18/18 MP: 0/0
   138 | D:1      | Reached skill level 4 in Axes
   138 | D:1      | Reached XP level 2. HP: 25/25 MP: 1/1
   551 | D:1      | Reached XP level 3. HP: 29/30 MP: 2/2
   758 | D:2      | Noticed Jessica
   764 | D:2      | Killed Jessica
  1043 | D:2      | Found a white marble altar of Elyvilon.
  1057 | D:2      | Reached XP level 4. HP: 31/37 MP: 3/3
  1082 | D:2      | Reached skill level 5 in Axes
  1100 | D:2      | Found a runed door.
  1104 | D:2      | Noticed Crazy Yiuf
  1109 | D:2      | Killed Crazy Yiuf
  1109 | D:2      | Reached skill level 1 in Armour
  1332 | D:2      | Reached XP level 5. HP: 42/45 MP: 4/4
  1860 | D:3      | Noticed Robin
  1868 | D:3      | Killed Robin
  1902 | D:3      | Found a shimmering altar of Xom.
  1907 | D:3      | Found a glowing silver altar of Zin.
  2002 | D:3      | Noticed Sigmund
  2024 | D:3      | Killed Sigmund
  2024 | D:3      | Reached skill level 6 in Axes
  2024 | D:3      | Reached XP level 6. HP: 9/52 MP: 5/5
  3023 | D:4      | Found a basalt altar of Yredelemnul.
  3036 | D:4      | Became a worshipper of Yredelemnul the Dark
  3037 | D:4      | Upgraded the game from 0.22-a0-447-gee5f723 to 0.22-a0-448-g1fb7470
  3057 | D:5      | Entered Level 5 of the Dungeon
  3113 | D:5      | Found a shimmering altar of Xom.
  3133 | D:5      | Reached skill level 7 in Axes
  3197 | D:5      | Reached XP level 7. HP: 59/59 MP: 6/6
  3216 | D:5      | Reached skill level 1 in Invocations
  3606 | D:5      | Found a staircase to the Ecumenical Temple.
  3715 | D:6      | Found a sacrificial altar of Ru.
  3728 | D:6      | Reached * piety under Yredelemnul
  3731 | D:6      | Noticed Pikel
  3737 | D:6      | Reached skill level 8 in Axes
  3737 | D:6      | Reached skill level 5 in Dodging
  3990 | D:6      | Killed Pikel
  3990 | D:6      | Reached skill level 5 in Fighting
  3990 | D:6      | Reached XP level 8. HP: 5/68 MP: 7/9
  4466 | D:6      | Reached skill level 9 in Axes
  4486 | D:6      | Noticed Edmund
  4493 | D:6      | Killed Edmund
  4537 | D:6      | Reached skill level 5 in Armour
  5434 | D:7      | Found a sand-covered staircase.
  5443 | Ossuary  | Entered an ossuary
  5483 | Ossuary  | Reached skill level 10 in Axes
  5483 | Ossuary  | Reached XP level 9. HP: 73/75 MP: 10/10
  5556 | Ossuary  | Reached ** piety under Yredelemnul
  5754 | D:7      | Noticed a two-headed ogre
  5781 | D:8      | HP: 3/75 [poisoned by a water moccasin]
  5781 | D:8      | Slain by a water moccasin

Vault maps used:
D:1:      dpeg_arrival_rooms_b
D:2:      elyvilon_altar_3, first_ration, minmay_misc_feat_tiny, uniq_jessica,
          uniq_crazy_yiuf_cottage
D:3:      lemuel_crystal_altar, zin_statuary, hangedman_decor_riveting,
          uniq_robin, uniq_sigmund
D:4:      black_bear_nest_2, kennysheep_mini, yredelemnul_altar_generic,
          grunt_gozag_breadcrumbs
D:5:      minmay_temple_entry_fiery, led_xom_imps
D:6:      old_standard_altar, grunt_decor_one_mirror, uniq_edmund, uniq_pikel
D:7:      lemuel_coloured_pillars_altar, enter_ossuary_3, serial_shops, shop,
          serial_bayou, serial_bayou_pond_a, serial_bayou_ford_a,
          serial_bayou_pond_e, serial_bayou_shore_b
D:8:      lemuel_doored_altar, tso_oasis_becter, david_lair_generic,
          serial_shops, shop_statue
Ossuary:  ossuary_the_hunt_dpeg

Skill      XL: |  1  2  3  4  5  6  7  8  9 |
---------------+----------------------------+-----
Axes           | 4 5 6 7 8 10 | 10.4
Dodging        | 4 5 |  5.8
Fighting       | 3 4 5 6 |  6.2
Armour         | 1 2 3 4 5 |  5.6
Invocations    | 2 3 4 |  4.3
Throwing       | |  2.0

Action                   |  1- 3 |  4- 6 |  7- 9 || total
-------------------------+-------+-------+-------++-------
Melee: War axe           |    51 |   121 |   212 ||   384
       Headbutt          |     7 |    22 |    35 ||    64
  Use: Scroll            |       |     5 |     4 ||     9
       Potion            |       |       |    13 ||    13
  Eat: Chunk             |       |     7 |     3 ||    10
       Ration            |       |       |     2 ||     2
Armor: Ring mail         |    21 |    40 |   127 ||   188
       Leather armour    |     1 |       |       ||     1
Dodge: Dodged            |    39 |    78 |   263 ||   380
       Deflected         |       |     3 |     2 ||     5

Table legend:
 A = Spawn XP
 B = Non-spawn XP
 C = Spawn XP percentage of total XP
 D = Spawn monster count
 E = Non-spawn monster count
 F = Spawn count percentage of total count
 G = Total turns spent on level
                    A         B        C        D         E        F      G
               +---------+---------+-------+---------+---------+-------+---------
         Total |       0 |    3468 |   0.0 |       0 |     161 |   0.0 |  5781
               +---------+---------+-------+---------+---------+-------+---------
           D:1 |       0 |      42 |   0.0 |       0 |      24 |   0.0 |   638
           D:2 |       0 |     167 |   0.0 |       0 |      32 |   0.0 |  1154
           D:3 |       0 |     296 |   0.0 |       0 |      28 |   0.0 |   872
           D:4 |       0 |     143 |   0.0 |       0 |       9 |   0.0 |   393
           D:5 |       0 |     314 |   0.0 |       0 |      15 |   0.0 |  1169
           D:6 |       0 |    1728 |   0.0 |       0 |      31 |   0.0 |  1199
           D:7 |       0 |     377 |   0.0 |       0 |       6 |   0.0 |    31
           D:8 |       0 |      63 |   0.0 |       0 |       1 |   0.0 |    25
       Ossuary |       0 |     338 |   0.0 |       0 |      15 |   0.0 |   300
               +---------+---------+-------+---------+---------+-------+---------
